| TOP OF THE 1ST |
|
University of Virginia Cavaliers batting - Pitching for University of Nebraska Cornhuskers : RHP Du Kong
|
|
Pitching: RHP Du Kong
|
|
|
Batting: RHB Scott Anderson
|
0-0: Called Strike 0-1: Ball 1-1: Fly out, F9 (Line Drive, 9D, EV 98.8 MPH)
|
|
Batting: RHB Pedro Lopez
|
0-0: Ball 1-0: Swinging Strike 1-1: Foul Ball, location: 2F 1-2: Ball 2-2: Ground out 6-3 (Groundball, 6S, EV 70.0 MPH)
|
|
Batting: RHB Jose Velez
|
0-0: Ball 1-0: Foul Ball, location: 2F 1-1: Foul Ball, location: 2F 1-2: Strikes out swinging
|
| Top of the 1st over - 0 runs, 0 hits, 0 errors, 0 left on base; University of Virginia 0 - University of Nebraska 0 |
| BOTTOM OF THE 1ST |
|
University of Nebraska Cornhuskers batting - Pitching for University of Virginia Cavaliers : RHP Tommy Koerner
|
|
Pitching: RHP Tommy Koerner
|
|
|
Batting: RHB Chris Anthony
|
0-0: Called Strike 0-1: Fly out, F7 (Flyball, 7D, EV 86.2 MPH)
|
|
Batting: RHB Quentin Howland
|
0-0: Ball 1-0: Foul Ball, location: 2F 1-1: Foul Ball, location: 2F 1-2: SINGLE (Flyball, 56D, EV 87.5 MPH)
|
|
Batting: RHB Zion Jones
|
0-0: Called Strike 0-1: Ground out 6-3 (Groundball, 6S, EV 70.6 MPH) Quentin Howland to second
|
|
Batting: LHB Alfonso Escalante
|
0-0: Ground out 4-3 (Groundball, 34D, EV 103.8 MPH)
|
| Bottom of the 1st over - 0 runs, 1 hit, 0 errors, 1 left on base; University of Virginia 0 - University of Nebraska 0 |
| TOP OF THE 2ND |
|
University of Virginia Cavaliers batting - Pitching for University of Nebraska Cornhuskers : RHP Du Kong
|
|
Batting: LHB Josh Glass
|
0-0: Ball 1-0: Called Strike 1-1: Foul Ball, location: 2F 1-2: Foul Ball, location: 2F 1-2: Strikes out swinging
|
|
Batting: RHB Mike Llamas
|
0-0: Called Strike 0-1: Ball 1-1: Ball 2-1: Fly out, F9 (Flyball, 89M, EV 90.6 MPH)
|
|
Batting: LHB Alex Aguilar
|
0-0: Ball 1-0: Foul Ball, location: 2F 1-1: Called Strike 1-2: Ground out 4-3 (Groundball, 4, EV 98.1 MPH)
|
| Top of the 2nd over - 0 runs, 0 hits, 0 errors, 0 left on base; University of Virginia 0 - University of Nebraska 0 |
| BOTTOM OF THE 2ND |
|
University of Nebraska Cornhuskers batting - Pitching for University of Virginia Cavaliers : RHP Tommy Koerner
|
|
Batting: LHB Jose Gonzalez
|
0-0: Called Strike 0-1: Ball 1-1: Reached on error, E4 (Groundball, 4, EV 101.9 MPH)
|
|
Batting: RHB Nick Hernandes
|
0-0: Foul Ball, location: 2F 0-1: Swinging Strike 0-2: Strikes out swinging
|
|
Batting: LHB Bob Appleby
|
0-0: Called Strike 0-1: Ball 1-1: Hit by Pitch Jose Gonzalez to second
|
|
Batting: RHB Mario Lopec
|
0-0: Fielders Choice at 3rd, U5 (Groundball, 5L, EV 82.5 MPH) Bob Appleby to second
|
|
Batting: RHB Danny Forbes
|
0-0: Foul Ball, location: 2F 0-1: Ball 1-1: Ball 2-1: Swinging Strike 2-2: Foul Ball, location: 2F 2-2: Foul Ball, location: 2F 2-2: Strikes out swinging
|
| Bottom of the 2nd over - 0 runs, 0 hits, 1 error, 2 left on base; University of Virginia 0 - University of Nebraska 0 |
| TOP OF THE 3RD |
|
University of Virginia Cavaliers batting - Pitching for University of Nebraska Cornhuskers : RHP Du Kong
|
|
Batting: RHB Nick Cech
|
0-0: Called Strike 0-1: Called Strike 0-2: Strikes out looking
|
|
Batting: LHB Edelberto Barbas
|
0-0: Foul Ball, location: 2F 0-1: Ball 1-1: Called Strike 1-2: Ball 2-2: Ball 3-2: Fly out, F3 (Line Drive, 34, EV 71.9 MPH)
|
|
Batting: LHB Pat Costello
|
0-0: Ball 1-0: Ball 2-0: Foul Ball, location: 2F 2-1: Foul Ball, location: 2F 2-2: Foul Ball, location: 2F 2-2: Ball 3-2: Strikes out swinging
|
| Top of the 3rd over - 0 runs, 0 hits, 0 errors, 0 left on base; University of Virginia 0 - University of Nebraska 0 |
| BOTTOM OF THE 3RD |
|
University of Nebraska Cornhuskers batting - Pitching for University of Virginia Cavaliers : RHP Tommy Koerner
|
|
Batting: RHB Chris Anthony
|
0-0: Fly out, F7 (Flyball, 7D, EV 89.4 MPH)
|
|
Batting: RHB Quentin Howland
|
0-0: Called Strike 0-1: Ball 1-1: Foul Ball, location: 2F 1-2: Strikes out swinging
|
|
Batting: RHB Zion Jones
|
0-0: Called Strike 0-1: Swinging Strike 0-2: Ball 1-2: DOUBLE (Flyball, 8RXD, EV 90.6 MPH)
|
|
Batting: LHB Alfonso Escalante
|
0-0: Ball 1-0: Fly out, F8 (Flyball, 8LD, EV 91.2 MPH)
|
| Bottom of the 3rd over - 0 runs, 1 hit, 0 errors, 1 left on base; University of Virginia 0 - University of Nebraska 0 |
| TOP OF THE 4TH |
|
University of Virginia Cavaliers batting - Pitching for University of Nebraska Cornhuskers : RHP Du Kong
|
|
Batting: RHB Scott Anderson
|
0-0: Called Strike 0-1: Swinging Strike 0-2: SINGLE (Groundball, 5S, EV 70.0 MPH) (infield hit)
|
|
Batting: RHB Pedro Lopez
|
0-0: Ball 1-0: 2-RUN HOME RUN (Line Drive, 7LD, EV 104.4 MPH), Distance : 367 ft
|
|
Batting: RHB Jose Velez
|
0-0: Ball 1-0: Foul Ball, location: 2F 1-1: Ball 2-1: Ball 3-1: Base on Balls
|
|
Batting: LHB Josh Glass
|
0-0: Ball Jose Velez is caught stealing 2nd base 2-6 1-0: Ball 2-0: Ball 3-0: Base on Balls
|
|
Batting: RHB Mike Llamas
|
0-0: Ball 1-0: SINGLE (Flyball, 56D, EV 93.8 MPH) Josh Glass to second
|
|
Batting: LHB Alex Aguilar
|
0-0: Foul Ball, location: 2F 0-1: Swinging Strike 0-2: Strikes out swinging
|
|
Batting: RHB Nick Cech
|
0-0: Ball 1-0: Ball 2-0: Called Strike 2-1: Swinging Strike 2-2: Foul Ball, location: 2F 2-2: Strikes out swinging
|
| Top of the 4th over - 2 runs, 3 hits, 0 errors, 2 left on base; University of Virginia 2 - University of Nebraska 0 |
| BOTTOM OF THE 4TH |
|
University of Nebraska Cornhuskers batting - Pitching for University of Virginia Cavaliers : RHP Tommy Koerner
|
|
Batting: LHB Jose Gonzalez
|
0-0: Ball 1-0: Foul Ball, location: 2F 1-1: Ball 2-1: Ball 3-1: Foul Ball, location: 2F 3-2: Strikes out swinging
|
|
Batting: RHB Nick Hernandes
|
0-0: Ball 1-0: Ball 2-0: Foul Ball, location: 2F 2-1: Called Strike 2-2: Ball 3-2: Foul Ball, location: 2F 3-2: Strikes out looking
|
|
Batting: LHB Bob Appleby
|
0-0: Ball 1-0: Ball 2-0: Called Strike 2-1: Foul Ball, location: 2F 2-2: Ball 3-2: Foul Ball, location: 2F 3-2: Foul Ball, location: 2F 3-2: Foul Ball, location: 2F 3-2: Strikes out swinging
|
| Bottom of the 4th over - 0 runs, 0 hits, 0 errors, 0 left on base; University of Virginia 2 - University of Nebraska 0 |
| TOP OF THE 5TH |
|
University of Virginia Cavaliers batting - Pitching for University of Nebraska Cornhuskers : RHP Du Kong
|
|
Batting: LHB Edelberto Barbas
|
0-0: Ball 1-0: Foul Ball, location: 2F 1-1: Called Strike 1-2: Strikes out swinging
|
|
Batting: LHB Pat Costello
|
0-0: Ball 1-0: Ball 2-0: Foul Ball, location: 2F 2-1: Ground out 4-3 (Groundball, 4, EV 92.5 MPH)
|
|
Batting: RHB Scott Anderson
|
0-0: Called Strike 0-1: Called Strike 0-2: Ball 1-2: Strikes out swinging
|
| Top of the 5th over - 0 runs, 0 hits, 0 errors, 0 left on base; University of Virginia 2 - University of Nebraska 0 |
| BOTTOM OF THE 5TH |
|
University of Nebraska Cornhuskers batting - Pitching for University of Virginia Cavaliers : RHP Tommy Koerner
|
|
Batting: RHB Mario Lopec
|
0-0: Foul Ball, location: 2F 0-1: Ball 1-1: Foul Ball, location: 2F 1-2: Strikes out swinging
|
|
Batting: RHB Danny Forbes
|
0-0: Ground out 6-3 (Groundball, 56, EV 100.6 MPH)
|
|
Batting: RHB Chris Anthony
|
0-0: Called Strike 0-1: Ball 1-1: Ball 2-1: Ball 3-1: Ground out U3 (Groundball, 34S, EV 73.8 MPH)
|
| Bottom of the 5th over - 0 runs, 0 hits, 0 errors, 0 left on base; University of Virginia 2 - University of Nebraska 0 |
| TOP OF THE 6TH |
|
University of Virginia Cavaliers batting - Pitching for University of Nebraska Cornhuskers : RHP Du Kong
|
|
Pitching: RHP Santos Arevalo
|
|
|
Batting: RHB Pedro Lopez
|
0-0: Ball 1-0: Ball 2-0: Foul Ball, location: 2F 2-1: TRIPLE (Line Drive, 78XD, EV 106.9 MPH)
|
|
Batting: RHB Jose Velez
|
0-0: Called Strike 0-1: Ball 1-1: Called Strike 1-2: Strikes out swinging
|
|
Batting: LHB Josh Glass
|
0-0: Ball 1-0: Ball 2-0: Ball 3-0: Called Strike 3-1: Base on Balls
|
|
Batting: RHB Mike Llamas
|
0-0: Called Strike 0-1: Called Strike 0-2: Ball 1-2: Foul Ball, location: 2F 1-2: Strikes out looking
|
|
Batting: LHB Alex Aguilar
|
0-0: Ball 1-0: Fly out, F9 (Flyball, 9, EV 84.4 MPH)
|
| Top of the 6th over - 0 runs, 1 hit, 0 errors, 2 left on base; University of Virginia 2 - University of Nebraska 0 |
| BOTTOM OF THE 6TH |
|
University of Nebraska Cornhuskers batting - Pitching for University of Virginia Cavaliers : RHP Tommy Koerner
|
|
Batting: RHB Quentin Howland
|
0-0: Called Strike 0-1: SINGLE (Line Drive, 9S, EV 84.4 MPH)
|
|
Batting: RHB Zion Jones
|
0-0: Called Strike 0-1: Ball 1-1: Ball 2-1: Foul Ball, location: 2F Pickoff Throw to First - Out! 1-3 CS 2-2: Ball 3-2: Strikes out swinging
|
|
Batting: LHB Alfonso Escalante
|
0-0: Ball 1-0: Ground out 6-3 (Groundball, 6, EV 88.8 MPH)
|
| Bottom of the 6th over - 0 runs, 1 hit, 0 errors, 0 left on base; University of Virginia 2 - University of Nebraska 0 |
| TOP OF THE 7TH |
|
University of Virginia Cavaliers batting - Pitching for University of Nebraska Cornhuskers : RHP Santos Arevalo
|
|
Batting: RHB Nick Cech
|
0-0: Swinging Strike 0-1: Ground out 3-1 (Groundball, 34S, EV 76.2 MPH)
|
|
Batting: LHB Edelberto Barbas
|
0-0: Foul Ball, location: 2F 0-1: Called Strike 0-2: Ball 1-2: Ball 2-2: Strikes out swinging
|
|
Batting: LHB Pat Costello
|
0-0: Fly out, F8 (Flyball, 8RD, EV 97.5 MPH)
|
| Top of the 7th over - 0 runs, 0 hits, 0 errors, 0 left on base; University of Virginia 2 - University of Nebraska 0 |
| BOTTOM OF THE 7TH |
|
University of Nebraska Cornhuskers batting - Pitching for University of Virginia Cavaliers : RHP Tommy Koerner
|
|
Pitching: RHP Mark Odom
|
|
|
Batting: LHB Jose Gonzalez
|
0-0: Foul Ball, location: 2F 0-1: Fly out, F7 (Flyball, 7D, EV 93.1 MPH)
|
|
Batting: RHB Nick Hernandes
|
0-0: Ball 1-0: Ground out 6-3 (Groundball, P, EV 81.2 MPH)
|
|
Pitching: RHP Luke Bertrand
|
|
|
Batting: LHB Bob Appleby
|
0-0: Foul Ball, location: 2F 0-1: Foul Ball, location: 2F 0-2: Ball 1-2: Strikes out looking
|
| Bottom of the 7th over - 0 runs, 0 hits, 0 errors, 0 left on base; University of Virginia 2 - University of Nebraska 0 |
| TOP OF THE 8TH |
|
University of Virginia Cavaliers batting - Pitching for University of Nebraska Cornhuskers : RHP Santos Arevalo
|
|
Batting: RHB Scott Anderson
|
0-0: Called Strike 0-1: Fly out, F9 (Flyball, 9D, EV 93.8 MPH)
|
|
Batting: RHB Pedro Lopez
|
0-0: Called Strike 0-1: Called Strike 0-2: Ball 1-2: Strikes out looking
|
|
Batting: RHB Jose Velez
|
0-0: Ball 1-0: Ball 2-0: Called Strike 2-1: Ground out 4-3 (Groundball, 4S, EV 68.1 MPH)
|
| Top of the 8th over - 0 runs, 0 hits, 0 errors, 0 left on base; University of Virginia 2 - University of Nebraska 0 |
| BOTTOM OF THE 8TH |
|
University of Nebraska Cornhuskers batting - Pitching for University of Virginia Cavaliers : RHP Luke Bertrand
|
|
Pinch Hitting: SHB Gary Luckwell
|
0-0: Ball 1-0: Swinging Strike 1-1: Called Strike 1-2: Ball 2-2: Foul Ball, location: 2F 2-2: Ball 3-2: Base on Balls
|
|
Pinch Hitting: LHB Avicenna Abdul-Muta'al
|
0-0: Ball 1-0: Ball 2-0: Foul Ball, location: 2F 2-1: Swinging Strike 2-2: Ball 3-2: Foul Ball, location: 2F 3-2: Foul Ball, location: 2F 3-2: Foul Ball, location: 2F 3-2: Base on Balls Gary Luckwell to second
|
|
Pitching: RHP Jonathan Bolton
|
|
|
Pinch Hitting: SHB Kent Worboys
|
0-0: Ball 1-0: Ball 2-0: Ball 3-0: Base on Balls Gary Luckwell to third Avicenna Abdul-Muta'al to second
|
|
Batting: RHB Quentin Howland
|
0-0: Called Strike 0-1: Foul Ball, location: 2F 0-2: Ball 1-2: Ball 2-2: SINGLE (Groundball, 6, EV 103.1 MPH) (infield hit) Gary Luckwell scores Avicenna Abdul-Muta'al to third Kent Worboys to second
|
|
Pinch Hitting: RHB Robby Arce
|
0-0: Swinging Strike 0-1: Swinging Strike 0-2: Foul Ball, location: 2F 0-2: Strikes out swinging
|
|
Batting: RHB Aidan Collet
|
0-0: Ball 1-0: Called Strike 1-1: Foul Ball, location: 2F 1-2: Foul Ball, location: 2F 1-2: Foul Ball, location: 2F 1-2: Ball 2-2: DOUBLE (Groundball, 5L, EV 95.0 MPH) Avicenna Abdul-Muta'al scores Kent Worboys scores Quentin Howland to third Runner from 3rd tries for Home, SAFE, no throw by LF
|
|
Batting: LHB Jose Gonzalez
|
0-0: Ground out 1-3 (Groundball, 13S, EV 68.1 MPH) Aidan Collet to third
|
|
Batting: RHB Nick Hernandes
|
0-0: Intentional Walk
|
|
Batting: LHB Bob Appleby
|
0-0: Ground out U3 (Groundball, 3, EV 87.5 MPH)
|
| Bottom of the 8th over - 4 runs, 2 hits, 0 errors, 2 left on base; University of Virginia 2 - University of Nebraska 4 |
| TOP OF THE 9TH |
|
University of Virginia Cavaliers batting - Pitching for University of Nebraska Cornhuskers : RHP Santos Arevalo
|
|
Pitching: RHP Frank Saslove
|
|
|
Now at 2B: Carlos Salazar
|
|
|
Now at 3B: Tim Bond
|
|
|
Now in CF: Andy Henn
|
|
|
Now in RF: Stu Proulx
|
|
|
Batting: LHB Josh Glass
|
0-0: Ball 1-0: Ball 2-0: Ball 3-0: Called Strike 3-1: Called Strike 3-2: Ground out 4-3 (Groundball, 4, EV 106.9 MPH)
|
|
Pinch Hitting: LHB Ray Nichter
|
0-0: Fly out, F9 (Flyball, 9, EV 85.0 MPH)
|
|
Pinch Hitting: RHB Leo Baxter
|
0-0: Foul Ball, location: 2F 0-1: Ball 1-1: Ball 2-1: Ball 3-1: Base on Balls
|
|
Pinch Hitting: RHB Rob Coble
|
0-0: Ball 1-0: Foul Ball, location: 2F 1-1: Foul Ball, location: 2F 1-2: Foul Ball, location: 2F 1-2: Foul Ball, location: 2F 1-2: Ball 2-2: Ball Wild Pitch! Leo Baxter to second 3-2: Base on Balls
|
|
Pinch Hitting: RHB Allen McCaskill
|
0-0: Ball 1-0: Foul Ball, location: 2F 1-1: Foul Ball, location: 2F 1-2: Strikes out looking
|
| Top of the 9th over - 0 runs, 0 hits, 0 errors, 2 left on base; University of Virginia 2 - University of Nebraska 4 |
|